 Dungeon Crawl Stone Soup version 0.31-a0-948-gf5be29c462 (webtiles) character file.

Game seed: 8944656449597398997

6239 BinkBink the Cleaver (level 10, 0/93 HPs)
             Began as a Hill Orc Monk on Oct 21, 2023.
             Was a High Priest of the Shining One.
             Slain by a yak (11 damage)
             ... on level 9 of the Dungeon.
             The game lasted 00:17:00 (11562 turns).

BinkBink the Cleaver (Hill Orc Monk)               Turns: 11562, Time: 00:17:01

Health: 0/93       AC: 11    Str: 19    XL:     10   Next: 93%
Magic:  10/10      EV: 14    Int: 10    God:    the Shining One [*****.]
Gold:   457        SH:  5    Dex: 15    Spells: 9/9 levels left

rFire   + . .        j - +6 battleaxe (flame)
rCold   . . .        (shield currently unavailable)
rNeg    + + .        C - +1 ring mail {rF+}
rPois   .            (no helmet)
rElec   .            n - +0 cloak
rCorr   .            l - +0 pair of gloves
SInv    +            D - +0 pair of boots
Will    .....        i - amulet of reflection
Stlth   +            y - ring of see invisible
HPRegen 0.35/turn    (no ring)
MPRegen 0.12/turn

%: reflection, clarity
@: glowing
A: thin skeletal structure 1, clarity
a: Renounce Religion, Divine Shield, Cleansing Flame, Summon Divine Warrior


You were on level 9 of the Dungeon.
You worshipped the Shining One.
The Shining One was extremely pleased with you.
You visited 1 branch of the dungeon, and saw 9 of its levels.
You also visited: Sewer.

You collected 457 gold pieces.

Inventory:

Hand Weapons
 j - a +6 battleaxe of flaming (weapon)
 B - a +2 antimagic hand axe
 H - a +0 hand axe of flaming
Armour
 d - an orb of light
 l - a +0 pair of gloves (worn)
 n - a +0 cloak (worn)
 s - a +0 buckler
 C - a +1 ring mail of fire resistance (worn)
 D - a +0 pair of boots (worn)
Jewellery
 i - an amulet of reflection (around neck)
 y - a ring of see invisible (left hand)
 E - a +6 ring of intelligence
Wands
 b - a wand of flame (15)
 m - a wand of polymorph (14)
 t - a wand of roots (16)
 w - a wand of paralysis (29)
Scrolls
 e - 5 scrolls of teleportation
 k - a scroll of noise
 p - a scroll of fog
 q - 3 scrolls of blinking
 u - 2 scrolls of torment
 A - a scroll of vulnerability
 F - 2 scrolls of revelation
Potions
 c - a potion of lignification
 f - 2 potions of berserk rage
 g - a potion of mutation
 o - 2 potions of haste
 r - a potion of attraction
 v - a potion of heal wounds {unknown}
 z - a potion of enlightenment {unknown}


   Skills:
 + Level 10.0 Fighting
 + Level 10.8 Axes
 + Level 7.2 Armour
 + Level 6.8 Dodging
 - Level 6.7 Shields


You had 9 spell levels left.
You didn't know any spells.
Your spell library contained the following spells:

 Spells                   Type           Power      Damage    Failure   Level
 Ensorcelled Hibernation  Hex/Ice        0%         N/A       67%         2
 Passwall                 Tmut/Erth      0%         N/A       67%         2
 Inner Flame              Hex/Fire       0%         N/A       88%         3
 Summon Guardian Golem    Hex/Summ       0%         N/A       88%         3
 Swiftness                Air            0%         N/A       88%         3
 Volatile Blastmotes      Fire/Tloc      0%         2d10      88%         3
 Brom's Barrelling Bould  Conj/Erth      0%         2d3       99%         4
 Fulminant Prism          Conj/Hex       0%         3d5       99%         4
 Iskenderun's Mystic Bla  Conj/Tloc      0%         2d3       99%         4
 Fireball                 Conj/Fire      0%         3d3       100%        5
 Iskenderun's Battlesphe  Conj           0%         2d6       100%        5
 Yara's Violent Unravell  Hex/Tmut       0%         3d3       100%        5
 Conjure Ball Lightning   Conj/Air       0%         3x3d6     100%        6
 Enfeeble                 Hex            0%         N/A       100%        7
 Orb of Destruction       Conj           0%         9d5       100%        7
 Spellforged Servitor     Conj/Summ      0%         N/A       100%        7


Dungeon Overview and Level Annotations

Branches:
Dungeon (9/15)             Temple (0/1) D:4            Lair (0/5) D:8
  Sewer (visited)
    Orc: D:9-12

Altars:
Makhleb
Nemelex Xobeh
Ru
Trog
Xom
The Shining One

Annotations:
D:2 1 runed translucent door, Crazy Yiuf
D:5 2 runed translucent doors, qipq's ghost, amateur OgFE
D:7 2 transporters, BinkBink's ghost, novice DEAE


Innate Abilities, Weirdness & Mutations

You have a somewhat thin skeletal structure. (Dex +2, Stealth+)
You possess an exceptional clarity of mind.


Message History

The five-headed hydra is moderately wounded.
The five-headed hydra bites you.
The five-headed hydra completely misses you.
The five-headed hydra bites you.
The five-headed hydra bites you but does no damage.
The five-headed hydra bites you!
You slice one of the five-headed hydra's heads off!
The flame cauterises the wound!
You slice the four-headed hydra!! You burn the four-headed hydra!
The four-headed hydra is severely wounded.
You hear an angry hiss.
The four-headed hydra bites you! x2
* * * LOW HITPOINT WARNING * * *
The four-headed hydra completely misses you.
You block the four-headed hydra's attack.
You slice one of the four-headed hydra's heads off!
The flame cauterises the wound!
You hit the three-headed hydra. You burn the three-headed hydra.
The three-headed hydra is severely wounded.
The three-headed hydra bites you!
* * * LOW HITPOINT WARNING * * *
The three-headed hydra closely misses you.
You block the three-headed hydra's attack.
The three-headed hydra bites you but does no damage. x2
The three-headed hydra bites you.
* * * LOW HITPOINT WARNING * * *
You chop one of the three-headed hydra's heads off!
The flame cauterises the wound!
You hit the two-headed hydra. You burn the two-headed hydra.
The two-headed hydra is almost dead.
You hit the yak. You burn the yak. You block the yak's attack.
The two-headed hydra bites you.
* * * LOW HITPOINT WARNING * * *
You block the two-headed hydra's attack.
You hack one of the two-headed hydra's heads off!
The flame cauterises the wound!
You hit the one-headed hydra. You burn the one-headed hydra.
The one-headed hydra is almost dead.
You slash the yak! You burn the yak. The yak gores you!
You die...

#......#
#......#..[.........
#...##.#...........
#...##.# .......?.
#......# .......
#......# .....
#......#####'#.# .#
#####'##.......#D##...##
.......#.......†@Y.....'
.......#.......#.......#
.......'.......#...[..?#
÷......#..###..#.......#
.#######'## ####.......#
.# ≈≈.≈ #.......+ ##
...... #.......# ##
..... .. #+####### .#
.##


You could see an one-headed hydra and a yak.

Vanquished Creatures
  Maggie (D:7)
  A troll (D:8)
  A shadow (D:8)
  11 yaks (D:9)
  2 steam dragons
  3 wargs (D:8)
  An acid dragon (D:8)
  3 water moccasins
  A sky beast (D:7)
  An orc warrior (D:9)
  2 ogres
  3 ice beasts
  2 centaurs (D:9)
  A phantom (D:6)
  3 kobold brigands
  A bullfrog (Sewer)
  A gnoll sergeant (D:9)
  2 scorpions (D:4)
  10 wights
  5 howler monkeys
  6 jellies
  3 hounds
  5 orc priests
  2 sleepcaps
  2 iguanas
  9 orc wizards
  7 gnolls
  8 adders
  A shadow imp (D:6)
  3 white imps
  6 ufetubi
  2 worms (D:2)
  A dart slug (D:4)
  28 orcs
  7 ball pythons
  4 bats
  7 endoplasms
  10 giant cockroaches
  9 goblins
  3 hobgoblins
  7 jackals
  21 kobolds
  10 quokkas
  21 frilled lizards
  13 rats
250 creatures vanquished.

Vanquished Creatures (others)
  2 kobolds
2 creatures vanquished.

Grand Total: 252 creatures vanquished

Notes
Turn   | Place    | Note
-------+----------+-------------------------------------------
     0 | D:1      | BinkBink the Hill Orc Monk began the quest for the Orb.
     0 | D:1      | Reached XP level 1. HP: 19/19 MP: 1/1
   116 | D:1      | Reached XP level 2. HP: 27/27 MP: 2/2
   836 | D:1      | Reached XP level 3. HP: 33/33 MP: 3/3
  1223 | D:2      | Found a faded altar of an unknown god.
  1713 | D:2      | Found a runed translucent door.
  1714 | D:2      | Noticed Crazy Yiuf
  2230 | D:3      | Reached XP level 4. HP: 39/41 MP: 4/4
  2281 | D:3      | Found a burning altar of Makhleb.
  2282 | D:3      | Found a glowing golden altar of the Shining One.
  2283 | D:3      | Found a shimmering altar of Xom.
  2309 | D:3      | Became a worshipper of the Shining One
  2309 | D:3      | Reached * piety under the Shining One
  2309 | D:3      | Reached ** piety under the Shining One
  2336 | D:3      | Reached skill level 5 in Axes
  3027 | D:4      | Reached XP level 5. HP: 35/47 MP: 5/5
  3076 | D:4      | Found a glowing drain.
  3080 | Sewer    | Entered a sewer
  3142 | Sewer    | Reached skill level 5 in Fighting
  3381 | Sewer    | Reached XP level 6. HP: 56/56 MP: 6/6
  4331 | D:4      | Found a sacrificial altar of Ru.
  4452 | D:4      | Reached skill level 1 in Armour
  4808 | D:4      | Found a staircase to the Ecumenical Temple.
  5016 | D:5      | Entered Level 5 of the Dungeon
  5032 | D:5      | Reached skill level 1 in Shields
  5045 | D:5      | Reached XP level 7. HP: 45/63 MP: 7/7
  5312 | D:5      | Found a runed translucent door.
  5360 | D:5      | Reached *** piety under the Shining One
  5361 | D:5      | Noticed qipq's ghost (amateur OgFE)
  5636 | D:5      | Found a sparkling altar of Nemelex Xobeh.
  5864 | D:5      | Found a runed translucent door.
  5933 | D:5      | Found a bloodstained altar of Trog.
  6040 | D:5      | Reached XP level 8. HP: 40/71 MP: 8/8
  7403 | D:6      | Reached skill level 5 in Dodging
  7777 | D:7      | Reached XP level 9. HP: 71/79 MP: 9/9
  7802 | D:7      | Noticed Maggie
  7830 | D:7      | Gained mutation: You have a somewhat thin skeletal
                  | structure. (Dex +2, Stealth+) [potion of mutation]
  7830 | D:7      | Gained mutation: You possess an exceptional clarity of
                  | mind. [potion of mutation]
  7836 | D:7      | Killed Maggie
  8639 | D:7      | Identified the ring "Sezxikhla" {rCorr Dex+6}
  8664 | D:7      | Found a transporter.
  8677 | D:7      | Noticed BinkBink's ghost (novice DEAE)
  8677 | D:7      | Reached **** piety under the Shining One
  8721 | D:7      | Found a transporter.
  9022 | D:8      | Found a staircase to the Lair.
  9045 | D:8      | Reached skill level 5 in Armour
  9045 | D:8      | Reached skill level 5 in Shields
  9427 | D:8      | Identified a scroll of acquirement
 10209 | D:8      | Reached XP level 10. HP: 85/90 MP: 10/10
 10856 | D:9      | Reached skill level 10 in Axes
 11188 | D:9      | The Shining One protects you from harm!
 11414 | D:9      | Acquired a +6 battleaxe of flaming
 11540 | D:9      | Reached ***** piety under the Shining One
 11554 | D:9      | Noticed a six-headed hydra
 11558 | D:9      | Reached skill level 10 in Fighting
 11562 | D:9      | Slain by a yak

Illustrated notes

Levels and vault maps discovered:
D:1:      nzn_arrival_depleted_hourglass, layout_loops_corners, st_stairs_13,
          minmay_rat_gold_closets
D:2:      minmay_kobold_bridge, layout_loops_ring,
          hellmonk_ecumenical_altar_leap_of_faith, amethyst_killhole,
          uniq_crazy_yiuf_cottage
D:3:      layout_basic, chequers_temple_overflow_statue_of_worship
D:4:      layout_loops_ring, nicolae_ru_the_path_less_chosen,
          minmay_temple_entry_overgrown, gup_sewer_entry_bowl
D:5:      layout_loops_ring, old_standard_altar,
          nemelex_xobeh_ov_fountains_minmay, ebering_ghost_sewer_f
D:6:      layout_loops_ring, corexii_corridor_pit, minmay_holes,
          nicolae_elevator_lobby_asterisk
D:7:      layout_cave_pools, gammafunk_ghost_gnarly_gnolls, uniq_maggie
D:8:      layout_basic, erik_lair_orcish_takeover, kennysheep_another_room
D:9:      layout_stronghold, minmay_misc_feat_tiny, kennysheep_path_1,
          corexii_corridor_pit, minmay_bent

Skill      XL: |  1  2  3  4  5  6  7  8  9 10 |
---------------+-------------------------------+-----
Fighting       | 4 5 6 7 8 10 | 10.0
Dodging        | 3 4 5 6 |  6.8
Axes           | 5 6 7 8 9 10 | 10.8
Armour         | 1 2 4 5 7 |  7.2
Shields        | 1 2 4 5 6 |  6.7

Action                     |  1- 3 |  4- 6 |  7- 9 | 10-12 || total
---------------------------+-------+-------+-------+-------++-------
  Melee: Hand axe          |   143 |   253 |   572 |   189 ||  1157
         Battleaxe         |       |       |       |    25 ||    25
    Use: Potion            |     1 |       |     5 |     2 ||     8
         Scroll            |       |     1 |     8 |     5 ||    14
 Armour: Robe              |    61 |   111 |    40 |       ||   212
         Ring mail         |       |       |   161 |   110 ||   271
         Skin              |       |       |    16 |       ||    16
  Dodge: Dodged            |    62 |   129 |   209 |    90 ||   490
  Block: Orb               |    16 |    40 |       |       ||    56
         Reflection        |     1 |     2 |     5 |     6 ||    14
         Buckler           |       |    33 |   224 |   113 ||   370
         Other             |       |       |       |     6 ||     6

Table legend: (Time is in decaauts)
 A = Elapsed time spent in this place.
 B = Non-inter-level travel time spent in this place.
 C = Inter-level travel time spent in this place.
 D = Time resting spent in this place.
 E = Time spent auto-exploring this place.
 F = Levels seen in this place.
 G = Mean time per level.
                   A        B        C        D        E       F      G
               +--------+--------+--------+--------+--------+-----+--------+
         Total |  11659 |  11233 |    426 |   1699 |   7283 |  10 | 1165.9 |
       Dungeon |  10889 |  10463 |    426 |   1696 |   6890 |   9 | 1209.9 |
         Sewer |    769 |    769 |      0 |      3 |    393 |   1 |  769.0 |
               +--------+--------+--------+--------+--------+-----+--------+

Top non-repeatable levels by time:
     D:8: 1923 daAuts
     D:6: 1572 daAuts
     D:4: 1398 daAuts
     D:5: 1263 daAuts
     D:2: 1121 daAuts
     D:1: 1068 daAuts
     D:3: 909 daAuts
     D:7: 875 daAuts
   Sewer: 769 daAuts
     D:9: 757 daAuts
